 Dungeon Crawl Stone Soup version 0.24-a0-230-g536ed4e33c (webtiles) character file.

Game seed: 4031868630166502337

154 Flugkiller the Sneak (level 5, -4/50 HPs)
             Began as a Naga Wanderer on Apr 2, 2019.
             Slain by an orc
             ... wielding a +0 club
              (6 damage)
             ... on level 3 of the Dungeon.
             The game lasted 00:07:50 (3635 turns).

Flugkiller the Sneak (Naga Wanderer)                Turns: 3635, Time: 00:07:50

Health: -4/50      AC:  7    Str: 23    XL:     5   Next: 35%
Magic:  6/6        EV:  7    Int: 10    God:
Gold:   97         SH:  0    Dex: 10    Spells: 5/6 levels left

rFire    + . .     SeeInvis +   a - +2 dagger
rCold    . . .     Gourm    .   (no shield)
rNeg     . . .     Faith    .   e - +0 robe
rPois    +         Spirit   .   k - +0 helmet (curse)
rElec    .         Reflect  .   (no cloak)
rCorr    .         Harm     .   (no gloves)
MR       .....                  n - +0 naga barding
Stlth    +++.......             (no amulet)
HPRegen  0.16/turn              o - ring of protection from fire
MPRegen  0.10/turn              (no ring)

@: mighty, short of breath, very slow
A: large, see invisible, deformed body, poison resistance, slowness 2, slow
metabolism 1, spit poison 1, AC +1
a: Spit Poison


You were on level 3 of the Dungeon.
You were not hungry.

You visited 1 branch of the dungeon, and saw 3 of its levels.

You collected 97 gold pieces.

Inventory:

Hand Weapons
 a - a +2 dagger (weapon)
 d - a +0 spear
Armour
 e - a +0 robe (worn)
 k - a cursed +0 helmet (worn)
   (You found it on level 1 of the Dungeon)
 n - a +0 naga barding (worn)
   (You found it on level 2 of the Dungeon)
 p - +0 fire dragon scales
   (You found it on level 1 of the Dungeon)
Jewellery
 o - a ring of protection from fire (left hand)
   (You found it on level 1 of the Dungeon)
Scrolls
 b - a scroll of remove curse
 i - a scroll of blinking {unknown}
 q - a scroll of magic mapping
 r - a scroll of amnesia {unknown}
 t - a scroll of immolation {unknown}
Potions
 c - a potion of curing
 g - a potion of flight {unknown}
 h - 3 potions of brilliance
 m - a potion of cancellation
 s - a potion of heal wounds {unknown}
 u - a potion of degeneration {unknown}
Comestibles
 f - 4 rations
 j - 12 chunks of flesh


   Skills:
 + Level 3.7 Fighting
 + Level 1.8 Short Blades
 - Level 1.0 Armour
 + Level 5.1 Stealth
   Level 1.0 Shields
 - Level 1.0 Spellcasting
   Level 1.0 Conjurations
   Level 3.0 Transmutations


You had 5 spell levels left.
You knew the following spells:

 Your Spells              Type           Power        Failure   Level  Hunger
a - Apportation           Tloc           #.....       34%         1    ##.....

Your spell library contained the following spells:

 Spells                   Type           Power        Failure   Level  Hunger
 Gell's Gravitas          Tloc           #.........   71%         3    ####...


Dungeon Overview and Level Annotations

Branches:
Dungeon (3/15)

Altars:
Zin


Innate Abilities, Weirdness & Mutations

You cannot wear boots.
Your serpentine skin is tough. (AC +1)
You have supernaturally acute eyesight. (SInv)
Armour fits poorly on your strangely shaped body.
Your system is resistant to poisons. (rPois)
You cover ground very slowly.
You have a slow metabolism.
You can spit poison.


Message History

You miss the adder.
The adder is almost dead.
The orc priest barely misses you. The adder bites you.
The orc hits you with a +0 club.
Unknown command.
You can't do that yet.
The orc shouts!
You hit the orc priest but do no damage.
You feel sick. The orc priest barely misses you. The adder bites you.
Unknown command.
You hit the orc priest.
The orc priest is lightly wounded.
You have got your breath back.
The orc hits you but does no damage. The adder completely misses you.
The orc priest begins to cast a cantrip, but forgets the words!
Unknown command.
Press: ? - help, Shift-Dir - straight line, p - orc priest The splash of poison hits the orc priest but does no damage.
The orc priest is poisoned.
The orc priest is lightly wounded.
You feel slightly more hungry. The adder bites you.
* * * LOW HITPOINT WARNING * * *
The orc hits you with a +0 club.
* * * LOW HITPOINT WARNING * * *
The orc priest mumbles some strange prayers to Beogh against you.
Pain shoots through your body!
* * * LOW HITPOINT WARNING * * *
Unknown command.
You feel better. The adder bites you but does no damage.
The orc hits you but does no damage. The orc priest barely misses you.
The orc barely misses you. The adder bites you but does no damage.
Unknown command.
You feel very mighty all of a sudden. The orc hits you but does no damage.
The orc priest hits you.
* * * LOW HITPOINT WARNING * * *
The adder bites you.
* * * LOW HITPOINT WARNING * * *
The orc barely misses you.
You closely miss the adder.
The adder is almost dead.
The adder bites you but does no damage. The orc barely misses you.
The orc priest hits you.
* * * LOW HITPOINT WARNING * * *
The orc hits you but does no damage.
You barely miss the adder.
The adder is almost dead.
The adder bites you.
* * * LOW HITPOINT WARNING * * *
The orc priest barely misses you. The orc hits you with a +0 club.
You die...

.....##.##
####.####
.....##.#
#####.####
.....##.#
#........#
#######+#
#.###.##.# # #.#
#.# # # #.###÷#
# ..#####..##÷#
###
............##.#
..+
......o@o......#
###
....###So..#####
# . #$.......# #
#####.#### # #.#
.# #.# .# #.# .#
#.# ## #.


You could see an orc priest, an adder and 2 orcs.

Vanquished Creatures
  Robin (D:2)
  2 gnolls (D:1)
  4 adders
  2 oozes (D:2)
  A worm (D:2)
  5 dart slugs
  2 leopard geckos
  A ball python (D:3)
  A giant cockroach (D:3)
  11 goblins
  10 hobgoblins
  7 jackals
  2 kobolds
  9 bats
  2 rats
60 creatures vanquished.

Vanquished Creatures (others)
  4 toadstools (D:1)
4 creatures vanquished.

Grand Total: 64 creatures vanquished

Notes
Turn   | Place    | Note
-------+----------+-------------------------------------------
     0 | D:1      | Flugkiller the Naga Wanderer began the quest for the Orb.
     0 | D:1      | Flugkiller set off with the following items: a +2 dagger, a
                  | potion of berserk rage, a +0 spear, a +0 robe, a ration;
                  | and the following spell memorised: Apportation; and the
                  | following spells available to memorise: Gell's Gravitas
     0 | D:1      | Reached XP level 1. HP: 19/19 MP: 2/2
    25 | D:1      | Reached skill level 2 in Stealth
    48 | D:1      | Reached XP level 2. HP: 18/27 MP: 3/3
   271 | D:1      | Reached skill level 3 in Stealth
   409 | D:1      | Reached XP level 3. HP: 8/33 MP: 4/4
  1326 | D:2      | Reached skill level 4 in Stealth
  1460 | D:2      | Reached XP level 4. HP: 16/42 MP: 5/5
  1849 | D:2      | Noticed Robin
  2275 | D:2      | Found a glowing silver altar of Zin.
  2363 | D:2      | Reached skill level 1 in Short Blades
  2918 | D:2      | Killed Robin
  2920 | D:2      | Reached XP level 5. HP: 25/49 MP: 6/6
  3465 | D:3      | Reached skill level 5 in Stealth
  3635 | D:3      | HP: 2/50 [adder (4)]
  3635 | D:3      | Slain by an orc

Levels and vault maps discovered:
D:1:      ldierk_walled_garden_2, layout_basic, nrook_loot_triangle
D:2:      layout_basic, lemuel_crystal_altar, first_ration, uniq_robin
D:3:      lemuel_castle_with_subvaults [lemuel_castle_interior_carwin_1],
          layout_loops_corners, nemelex_dance_club_becter, uniq_grinder

Skill      XL: |  1  2  3  4  5 |
---------------+----------------+-----
Stealth        | 2 3 4 5 |  5.1
Fighting       | 3 |  3.7
Short Blades   | 1 |  1.8
Armour         | |  1.0
Shields        | |  1.0
Spellcasting   | |  1.0
Conjurations   | |  1.0
Transmutations | |  3.0

Action                   |  1- 3 |  4- 6 || total
-------------------------+-------+-------++-------
Melee: Dagger            |    58 |   112 ||   170
 Abil: Spit Poison       |    19 |    26 ||    45
  Use: Scroll            |     2 |     5 ||     7
       Potion            |       |     4 ||     4
 Stab: Sleeping          |     1 |     1 ||     2
       Distracted        |       |     1 ||     1
  Eat: Chunk             |     2 |     7 ||     9
Armor: Robe              |    20 |    78 ||    98
Dodge: Dodged            |    42 |    62 ||   104

Table legend:
 A = Non-vault XP
 B = Vault XP
 C = Vault XP percentage of total XP
 D = Non-vault monster count
 E = Vault monster count
 F = Vault count percentage of total count
                 A         B        C        D         E       F
            +---------+---------+-------+---------+---------+-------
      Total |     182 |      38 |  17.3 |      47 |      13 |  21.7
            +---------+---------+-------+---------+---------+-------
        D:1 |      61 |       3 |   4.7 |      17 |       2 |  10.5
        D:2 |      76 |      35 |  31.5 |      20 |      11 |  35.5
        D:3 |      45 |       0 |   0.0 |      10 |       0 |   0.0
            +---------+---------+-------+---------+---------+-------
